 Dungeon Crawl Stone Soup version 0.30.1-11-g7821555f0a (webtiles) character file.

Game seed: 17061112223719055040

17 Psyclone the Conjurer (level 2, 15/15 HPs)
             Began as a Deep Elf Conjurer on Nov 9, 2023.
             Quit the game on level 1 of the Dungeon.
             The game lasted 00:01:51 (996 turns).

Psyclone the Conjurer (Deep Elf Conjurer)            Turns: 996, Time: 00:01:52

Health: 15/15      AC:  3    Str:  4    XL:     2   Next: 44%
Magic:  8/8        EV: 12    Int: 22    God:
Gold:   6          SH:  0    Dex: 13    Spells: 6/7 levels left

rFire   . . .        (no weapon)
rCold   . . .        (no shield)
rNeg    . . .        a - +0 robe
rPois   .            (no helmet)
rElec   .            (no cloak)
rCorr   .            f - +0 pair of gloves
SInv    .            (no boots)
Will    .....        (no amulet)
Stlth   ++           (no ring)
HPRegen 0.22/turn    (no ring)
MPRegen 0.11/turn

%: no passive effects
@: weak-willed, on berserk cooldown, slowed, very slow
A: no striking features
a: no special abilities


You were on level 1 of the Dungeon.
You visited 1 branch of the dungeon, and saw 1 of its levels.

You collected 6 gold pieces.

Inventory:

Armour
 a - a +0 robe (worn)
 f - a +0 pair of gloves (worn)
Potions
 b - 2 potions of magic


   Skills:
 - Level 2.4 Dodging
 - Level 2.4 Stealth
 + Level 3.4 Spellcasting
 * Level 4.9 Conjurations


You had 6 spell levels left.
You knew the following spells:

 Your Spells              Type           Power      Damage    Failure   Level
a - Magic Dart            Conj           100%       1d8       1%          1

Your spell library contained the following spells:

 Spells                   Type           Power      Damage    Failure   Level
 Searing Ray              Conj           50%        2d6       2%          2
 Dazzling Flash           Conj/Hex       28%        N/A       13%         3
 Fulminant Prism          Conj/Hex       7%         3d7       38%         4
 Iskenderun's Mystic Bla  Conj/Tloc      14%        2d5       38%         4


Dungeon Overview and Level Annotations

Branches:
Dungeon (1/15) Zot: 5003

Altars:


Message History

Done exploring.
The air fills with toxic fumes!
As you read the scroll labelled ZODDE EWKIPN, it crumbles to dust.
It was a scroll of poison.
As you read the scroll labelled FETANT KULUMU, it crumbles to dust.
It is a scroll of identify.
g - a scroll of vulnerability
As you read the scroll labelled INIPENK MUIWN, it crumbles to dust.
You hear a loud clanging noise!
It was a scroll of noise.
Really read the scroll of vulnerability?
You can't even see any enemies this would affect. [Y]es or [N]o only, please.
Really read the scroll of vulnerability?
You can't even see any enemies this would affect.
As you read the scroll of vulnerability, it crumbles to dust.
Magic quickly surges around you.
As you read the scroll labelled MOUM FYNNAKYUM, it crumbles to dust.
You feel strangely unstable.
It was a scroll of teleportation.
It was a potion of ambrosia.
You are confused.
You feel invigorated.
It was a potion of berserk rage.
A red film seems to cover your vision as you go berserk!
You feel yourself moving faster!
You feel mighty!
Your surroundings suddenly seem different.
You now have 22/22 hp.
You start waiting.
You feel a strong urge to attack something.
You start waiting.
You feel your anger nearly subside.
You start waiting.
You are no longer berserk.
You are exhausted.
You feel yourself slow down.
You now have 15/15 hp.
You start waiting.
You feel less invigorated.
You feel less confused.
Unknown command.
Unknown command.
Are you sure you want to abandon this character and quit the game? (Confirm with "yes".)

#.#.#.#####.# ###
##########.#.#.....#.##### ..#
#..........#.#.#...#.....#
..###.########.#.#.#.#########
.........# #..#...........#
......[..# #..###)#.#####.#
.........# #..#.........#.#
.........# #..#.#.#...#.#.#
..###.#######..#@#.#...#.#.#
.............>.###.#...#.#.#
..###.#######..........#.#.#
### #.# #..#####.###.#.# #.#
#.## #.....#.# #.#
#.############.# #.#
#..............# #.#
#.############## #####.# #.#


There were no monsters in sight!

Vanquished Creatures
  A dart slug (D:1)
  2 endoplasms (D:1)
  2 goblins (D:1)
  3 hobgoblins (D:1)
  A quokka (D:1)
  A ball python (D:1)
  A bat (D:1)
  2 kobolds (D:1)
  A rat (D:1)
14 creatures vanquished.

Notes
Turn   | Place    | Note
-------+----------+-------------------------------------------
     0 | D:1      | Psyclone the Deep Elf Conjurer began the quest for the Orb.
     0 | D:1      | Reached XP level 1. HP: 10/10 MP: 6/6
   218 | D:1      | Found a faded altar of an unknown god.
   396 | D:1      | Reached XP level 2. HP: 15/15 MP: 4/8
   996 | D:1      | Quit the game

Illustrated notes

Levels and vault maps discovered:
D:1:      giann_horns, layout_basic, shapermc_ecumenical_altar_flowoftime

Action                     || total
---------------------------++-------
  Melee: Unarmed           ||    23
         Punch             ||     2
   Cast: Magic Dart        ||    24
    Use: Scroll            ||     5
         Potion            ||     2
  Dodge: Dodged            ||     1
